 Dungeon Crawl Stone Soup version 0.31-a0-214-gb37851dbb3 (webtiles) character file.

Game seed: 15380874831199012979

81296 qw the Severer (level 15, -5/96 HPs)
             Began as a Gargoyle Fighter on July 1, 2023.
             Was an Elder of Okawaru.
             Slain by a freezing wraith (9 damage)
             ... led by a death knight
             ... on level 15 of the Dungeon.
             The game lasted 00:10:11 (18587 turns).

qw the Severer (Gargoyle Fighter)                  Turns: 18587, Time: 00:10:11

Health: -5/96      AC: 47    Str: 27    XL:     15   Next: 69%
Magic:  22/22      EV: 17    Int:  5    God:    Okawaru [****..]
Gold:   286        SH:  7    Dex:  9    Spells: 14/14 levels left

rFire   . . .        t - +3 broad axe (freeze)
rCold   . . .        c - +0 buckler
rNeg    + . .        s - +8 chain mail "Jippaoskaew" {+Inv Will+++ Int-4 SInv}
rPois   inf          z - +1 helmet
rElec   +            h - +1 cloak
rCorr   .            r - +0 pair of gloves
SInv    +            v - +2 pair of boots
Will    ++++.        b - amulet of regeneration Stlth
                     E - +5 ring of evasion
HPRegen 1.16/turn    w - +4 ring of protection
MPRegen 0.18/turn

%: no passive effects
@: about to teleport, heroic, flying
A: sickness immunity, AC +11, big wings, negative energy resistance 1,
electricity resistance, torment resistance 1, petrification resistance
a: Renounce Religion, Evoke Invisibility, Heroism, Finesse


You were on level 15 of the Dungeon.
You worshipped Okawaru.
Okawaru was greatly pleased with you.
You visited 3 branches of the dungeon, and saw 21 of its levels.

You collected 1439 gold pieces.
You spent 1153 gold pieces at shops.


Innate Abilities, Weirdness & Mutations

You are immune to sickness and miasma.
Your stone body is resilient. (AC +11)
You are immune to poison.
Your large and strong wings let you fly.
You resist negative energy. (rN+)
You are resistant to electric shocks. (rElec)
You are resistant to unholy torment.
You are immune to petrification.


   Skills:
 + Level 12.3(17.3) Fighting
 - Level 17.0(22.0) Axes
 - Level 7.0(12.0) Throwing
 - Level 11.0(16.0) Armour
 - Level 5.2(10.2) Dodging
 - Level 8.0(13.0) Shields
 - Level 10.0 Invocations


You had 14 spell levels left.
You didn't know any spells.
Your spell library was empty.

Inventory:

Hand Weapons
 t - a +3 broad axe of freezing (weapon)
 C - the +4 war axe of Prudence {freeze, Contam rElec rCorr Stlth+}
   (You found it on level 13 of the Dungeon)

   rElec:     It insulates you from electricity.
   Contam:    It causes magical contamination when unequipped.
   rCorr:     It protects you from acid and corrosion.
   Stlth:     It makes you more stealthy.
 D - a +1 broad axe of flaming
Missiles
 p - 5 boomerangs of dispersal
 x - a silver boomerang
 y - a javelin (quivered)
 A - 7 boomerangs
Armour
 c - a +0 buckler (worn)
 h - a +1 cloak (worn)
 o - +0 acid dragon scales
 r - a +0 pair of gloves (worn)
 s - the +8 chain mail "Jippaoskaew" (worn) {+Inv Will+++ Int-4 SInv}
   (Okawaru gifted it to you on level 4 of the Lair of Beasts)

   Int:       It affects your intelligence (-4).
   SInv:      It lets you see invisible.
   +Inv:      It lets you turn invisible.
   Will:      It greatly increases your willpower.
 v - a +2 pair of boots (worn)
 z - a +1 helmet (worn)
Jewellery
 b - an amulet of regeneration (around neck)
 w - a +4 ring of protection (right hand)
 E - a +5 ring of evasion (left hand)
 Y - a ring of protection from cold
Scrolls
 a - 3 scrolls of identify
 n - 3 scrolls of teleportation
Potions
 d - 3 potions of might
 e - 3 potions of attraction
 f - 6 potions of mutation
 g - a potion of haste
 i - 3 potions of cancellation
 j - 2 potions of curing
 k - a potion of resistance
 l - 5 potions of lignification
 q - a potion of enlightenment
 u - a potion of magic

Dungeon Overview and Level Annotations

Branches:
Dungeon (15/15)            Temple (1/1) D:5            Lair (5/5) D:10
  Swamp (0/4) Lair:2       Spider (0/4) Lair:3        Slime (0/5) Lair:5
    Orc (0/2) D:12         Vaults (0/5) D:14
 Depths: D:15

Altars:
Ashenzari
Cheibriados
Dithmenos
Elyvilon
Fedhas
Gozag
Hepliaklqana
Kikubaaqudgha
Makhleb
Nemelex Xobeh
Okawaru
Qazlal
Ru
Sif Muna
Trog
Uskayaw
Vehumet
Wu Jian
Xom
Yredelemnul
Zin
The Shining One
Jiyva

Shops:
D:7 *   D:13 =

Portals:
Hell: Lair:5

Annotations:
D:6 1 runed translucent door, Crazy Yiuf
D:10 3 runed translucent doors, qw's ghost, journeyman GrFi


Message History

You block the wraith's attack. The death knight misses you.
The deep troll misses you. You block the deep troll's attack.
The deep troll claws you!
You closely miss the death knight.
The death knight is severely wounded.
You hit the wraith. You freeze the wraith. You slash the deep troll!
You freeze the deep troll. You block the wraith's attack.
You block the death knight's attack. The deep troll misses you.
The deep troll closely misses you.
The deep troll claws you but does no damage.
You hit the death knight but do no damage.
The death knight is severely wounded.
You slash the wraith! You freeze the wraith.
You barely miss the freezing wraith. You hit the deep troll.
You freeze the deep troll. You closely miss the death knight.
The death knight is severely wounded.
You hit the wraith but do no damage. You hit the freezing wraith.
You closely miss the deep troll.
The death knight's dark mirror aura disappears.
The wraith closely misses you.
The freezing wraith hits you but does no damage.
You block the freezing wraith's attack.
The death knight hits you with a +4 great mace!!
The deep troll misses you. You block the deep troll's attack.
The deep troll claws you but does no damage.
18586 ||| READING 4 scrolls of teleportation.
As you read the scroll of teleportation, it crumbles to dust.
You feel strangely unstable. You block the wraith's attack.
The freezing wraith hits you but does no damage. x2
The death knight hits you with a +4 great mace!
The deep troll bites you but does no damage.
The deep troll barely misses you. The deep troll claws you!
You hit the death knight. You freeze the death knight.
The death knight is severely wounded.
You hit the wraith. You slice the freezing wraith!!
You closely miss the deep troll. The freezing wraith hits you!
You die...

#.....P ...
#......77..777.
#.(.....P..P..7.
...(.(..........
...............
#.......$....#
#.....pT.....#
#.....W@.....#
#.....WW[....#
#..........#######
#.........<.......
#.................
#..^..............
#.................
#...(..#####....##
###### ......


You could see a death knight, a deep troll, 2 freezing wraiths and a wraith.

Vanquished Creatures
  Kirke (D:13)
  A fire giant (D:12)
  A dire elephant (Lair:5)
  A yaktaur captain (D:12)
  Josephine (D:11)
  8 hydras
  A ghost crab (Lair:2)
  An ice dragon (D:12)
  A centaur warrior (D:12)
  A death knight (D:14)
  3 boulder beetles
  7 two-headed ogres
  4 death yaks
  Urug (D:13)
  A sun demon (Lair:5)
  2 skeletal warriors (D:14)
  A skyshark (Lair:4)
  A spectral death yak (Lair:2)
  A deep troll (D:15)
  A phantasmal warrior (D:12)
  3 deep elf pyromancers
  A wizard (Lair:5)
  11 ugly things
  3 manticores
  2 cyclopes
  A moth of wrath (shapeshifter) (D:14)
  11 elephants
  12 cane toads
  A smoke demon (Lair:5)
  5 black mambas
  A torpor snail (Lair:5)
  A gargoyle (D:12)
  Maggie (D:8)
  2 orange demons (Lair:5)
  4 unseen horrors
  14 komodo dragons
  6 rime drakes
  3 kobold demonologists (D:12)
  3 ice devils (Lair:5)
  A freezing wraith (D:14)
  A tengu conjurer (D:12)
  3 polar bears
  A red devil (Lair:5)
  A queen bee (D:13)
  2 hornets
  7 meliai
  Grinder (D:4)
  6 trolls
  A blink frog (shapeshifter) (D:14)
  9 blink frogs
  A spectral black mamba (Lair:2)
  12 slime creatures
  2 vampires
  2 shadows
  A jumping spider (Lair:3)
  Sigmund (D:6)
  48 yaks
  2 yaks (shapeshifter) (D:14)
  7 wraiths
  5 wyverns
  5 humans (D:13)
  3 basilisks
  A hog (D:13)
  2 steam dragons
  2 redbacks (Lair:3)
  8 vampire mosquitoes
  3 acid dragons
  18 water moccasins
  A spectral cane toad (Lair:2)
  5 ice beasts
  4 hell hounds (Lair:5)
  3 orc warriors
  3 black bears
  2 sky beasts (D:6)
  5 ogres
  A spectral blink frog (Lair:2)
  21 wolves
  9 centaurs
  A spectral basilisk (Lair:2)
  6 kobold brigands
  Blork the orc (D:4)
  6 bullfrogs
  3 scorpions
  4 gnoll sergeants (D:12)
  5 wights (D:8)
  20 killer bees (D:13)
  8 howler monkeys
  9 jellies
  2 orc priests
  4 hounds
  2 gnoll boudas
  2 sleepcaps
  13 orc wizards
  A hell rat (Lair:5)
  A mummy (D:4)
  14 gnolls
  3 adders
  2 shadow imps
  A white imp (D:7)
  2 worms (D:2)
  2 dart slugs
  19 orcs
  8 bats
  An endoplasm (D:2)
  2 giant cockroaches (D:2)
  6 goblins
  8 hobgoblins
  3 quokkas
  8 ball pythons
  2 frilled lizards (D:2)
  A hobgoblin zombie (D:4)
  14 kobolds
  A kobold zombie (D:4)
  3 rats
  2 butterflies (Lair:3)
524 creatures vanquished.

Notes
Turn   | Place    | Note
-------+----------+-------------------------------------------
     0 | D:1      | qw the Gargoyle Fighter began the quest for the Orb.
     0 | D:1      | Reached XP level 1. HP: 14/14 MP: 1/1
     0 | D:1      | 0 ||| qw: Version: 0.3-a-32-g5962c71
     0 | D:1      | 0 ||| qw: Game counter: 7507
     0 | D:1      | 0 ||| qw: Melee chars always use a shield: true
     0 | D:1      | 0 ||| qw: God list: Okawaru
     0 | D:1      | 0 ||| qw: Allow faded altars: false
     0 | D:1      | 0 ||| qw: Do Orc after clearing Dungeon:15 true
     0 | D:1      | 0 ||| qw: Do second Lair branch before Depths: true
     0 | D:1      | 0 ||| qw: Lair rune preference: random
     0 | D:1      | 0 ||| qw: Goals: Normal, Zot:1-4, Slime:5, God:TSO, Crypt,
                  | Tomb, Abyss, Pan, Hells, Win
     0 | D:1      | 0 ||| PLANNING D:1-11
    31 | D:1      | Reached skill level 2 in Axes
    40 | D:1      | 40 ||| Stepping ~*~*~tactically~*~*~ (hiding).
    47 | D:1      | 47 ||| Stepping ~*~*~tactically~*~*~ (hiding).
   206 | D:1      | Reached XP level 2. HP: 19/19 MP: 2/2
   277 | D:1      | 277 ||| Stepping ~*~*~tactically~*~*~ (stealth).
   278 | D:1      | 278 ||| Stepping ~*~*~tactically~*~*~ (stealth).
   450 | D:1      | Reached skill level 3 in Axes
   579 | D:1      | 579 ||| UPGRADING to ring of positive energy.
   580 | D:1      | 580 ||| READING 3 scrolls labelled AQULIC VOESYL.
   581 | D:1      | 581 ||| READING scroll labelled CITUTU JINYOF.
   582 | D:1      | 582 ||| READING scroll labelled PEZXET VAAB.
   583 | D:1      | 583 ||| READING scroll labelled PIUSHOTW TOAK.
   584 | D:1      | 584 ||| READING scroll labelled WIUNOA DAXT.
   585 | D:1      | 585 ||| READING scroll labelled IRCHIA KUTSOZYP.
   586 | D:1      | 586 ||| READING 2 scrolls of identify.
   586 | D:1      | 586 ||| IDENTIFYING brown potion
   615 | D:2      | Reached XP level 3. HP: 23/23 MP: 3/3
   792 | D:2      | 792 ||| Stepping ~*~*~tactically~*~*~ (stealth).
   919 | D:2      | 919 ||| FLEEEEING.
  1648 | D:2      | 1648 ||| READING scroll labelled YRGHUIR ASOI.
  1649 | D:2      | 1649 ||| DRINKING 3 cyan potions.
  1650 | D:2      | 1650 ||| DRINKING 2 bubbling grey potions.
  1651 | D:2      | 1651 ||| READING 2 scrolls of identify.
  1651 | D:2      | 1651 ||| IDENTIFYING red potion
  1652 | D:2      | 1652 ||| DROPPING potion of degeneration.
  1786 | D:3      | 1786 ||| DROPPING +0 club.
  2076 | D:3      | Reached XP level 4. HP: 28/28 MP: 4/4
  2239 | D:4      | Noticed Blork the orc
  2240 | D:4      | 2240 ||| PLANNING OSSUARY
  2240 | D:4      | 2240 ||| Stepping ~*~*~tactically~*~*~ (hiding).
  2241 | D:4      | 2241 ||| Stepping ~*~*~tactically~*~*~ (hiding).
  2243 | D:4      | 2243 ||| Stepping ~*~*~tactically~*~*~ (hiding).
  2250 | D:4      | Killed Blork the orc
  2251 | D:4      | Reached skill level 4 in Axes
  2251 | D:4      | Reached XP level 5. HP: 26/32 MP: 5/5
  2281 | D:4      | 2281 ||| DROPPING +0 whip.
  2311 | D:4      | 2311 ||| Stepping ~*~*~tactically~*~*~ (hiding).
  2312 | D:4      | 2312 ||| Stepping ~*~*~tactically~*~*~ (hiding).
  2386 | D:4      | 2386 ||| Stepping ~*~*~tactically~*~*~ (stealth).
  2401 | D:4      | Reached skill level 5 in Axes
  2544 | D:4      | Reached skill level 1 in Throwing
  2544 | D:4      | Reached XP level 6. HP: 37/37 MP: 6/6
  2548 | D:4      | Noticed Grinder
  2557 | D:4      | Killed Grinder
  2558 | D:4      | Reached XP level 7. HP: 44/44 MP: 7/7
  2592 | D:4      | 2592 ||| READING scroll of enchant weapon.
  2592 | D:4      | 2592 ||| ENCHANTING +1 war axe.
  2760 | D:4      | Found an opulent altar of Gozag.
  2760 | D:4      | Found a hazy altar of Hepliaklqana.
  2768 | D:4      | Found a shimmering altar of Xom.
  2770 | D:4      | Found a faded altar of an unknown god.
  2772 | D:4      | Found a shadowy altar of Dithmenos.
  2821 | D:4      | Reached skill level 1 in Dodging
  2825 | D:4      | 2825 ||| DRINKING 4 potions of curing.
  2825 | D:4      | 2825 ||| (to cure confusion)
  2883 | D:4      | 2883 ||| DROPPING +0 mace.
  2883 | D:4      | 2883 ||| RIP OSSUARY
  2884 | D:4      | 2884 ||| PLANNING D:1-11
  2897 | D:4      | 2897 ||| READING scroll of enchant weapon.
  2897 | D:4      | 2897 ||| ENCHANTING +2 war axe.
  3071 | D:4      | 3071 ||| DROPPING ring of magical power.
  3072 | D:4      | 3072 ||| DRINKING 2 fizzy cyan potions.
  3073 | D:4      | 3073 ||| DROPPING potion of brilliance.
  3083 | D:5      | Entered Level 5 of the Dungeon
  3137 | D:5      | Reached skill level 6 in Axes
  3162 | D:5      | Found a staircase to the Ecumenical Temple.
  3163 | D:5      | 3163 ||| PLANNING TEMPLE
  3163 | D:5      | 3163 ||| READING scroll labelled EMIXON QAEWK.
  3168 | D:5      | 3168 ||| DRINKING 2 viscous amethyst potions.
  3207 | Temple   | Entered the Ecumenical Temple
  3208 | Temple   | 3208 ||| PLANNING OKAWARU WORSHIP
  3226 | Temple   | Became a worshipper of Warmaster Okawaru
  3227 | Temple   | 3227 ||| PLANNING D:1-11
  3327 | D:5      | 3327 ||| Stepping ~*~*~tactically~*~*~ (hiding).
  3456 | D:5      | Reached XP level 8. HP: 47/49 MP: 8/8
  3793 | D:5      | 3793 ||| READING 2 scrolls of identify.
  3793 | D:5      | 3793 ||| IDENTIFYING viscous emerald potion
  3838 | D:6      | Reached skill level 7 in Axes
  3872 | D:6      | You fall into a shaft and drop 1 floor!
  4025 | D:7      | 4025 ||| Stepping ~*~*~tactically~*~*~ (hiding).
  4040 | D:7      | Reached * piety under Okawaru
  4041 | D:7      | 4041 ||| INVOKING Heroism.
  4133 | D:7      | 4133 ||| READING 2 scrolls labelled OLLOATT SUTZ.
  4139 | D:7      | Reached skill level 8 in Axes
  4139 | D:7      | 4139 ||| READING 2 scrolls of identify.
  4139 | D:7      | 4139 ||| IDENTIFYING lumpy black potion
  4140 | D:7      | 4140 ||| DROPPING scroll of noise.
  4148 | D:7      | 4148 ||| FLEEEEING.
  4149 | D:7      | 4149 ||| STAIRDANCE
  4183 | D:6      | 4183 ||| INVOKING Heroism.
  4277 | D:6      | Found a snail-covered altar of Cheibriados.
  4296 | D:6      | Reached skill level 6 in Fighting
  4356 | D:6      | Noticed Sigmund
  4357 | D:6      | 4357 ||| DRINKING 3 potions of curing.
  4357 | D:6      | 4357 ||| (to cure confusion)
  4358 | D:6      | 4358 ||| Stepping ~*~*~tactically~*~*~ (hiding).
  4359 | D:6      | 4359 ||| Stepping ~*~*~tactically~*~*~ (hiding).
  4373 | D:6      | Killed Sigmund
  4374 | D:6      | Reached XP level 9. HP: 49/55 MP: 9/9
  4428 | D:6      | Reached skill level 9 in Axes
  4428 | D:6      | Reached skill level 1 in Invocations
  4491 | D:6      | Noticed a cyclops
  4492 | D:6      | 4492 ||| INVOKING Heroism.
  4501 | D:6      | Killed a cyclops
  4502 | D:6      | Reached skill level 3 in Throwing
  4502 | D:6      | Reached skill level 3 in Invocations
  4679 | D:6      | Found a runed translucent door.
  4680 | D:6      | Noticed Crazy Yiuf
  5141 | D:6      | 5141 ||| READING 2 scrolls of identify.
  5141 | D:6      | 5141 ||| IDENTIFYING amethyst potion
  5142 | D:6      | 5142 ||| DROPPING potion of berserk rage.
  5218 | D:7      | 5218 ||| INVOKING Heroism.
  5291 | D:7      | 5291 ||| INVOKING Heroism.
  5335 | D:7      | Found a sacrificial altar of Ru.
  5404 | D:7      | 5404 ||| INVOKING Heroism.
  5552 | D:7      | 5552 ||| Stepping ~*~*~tactically~*~*~ (hiding).
  5562 | D:7      | 5562 ||| STAIRDANCE
  5674 | D:6      | 5674 ||| UPGRADING to +0 plate armour.
  5684 | D:6      | 5684 ||| DROPPING +0 scale mail.
  5685 | D:6      | 5685 ||| DROPPING +6 ring of intelligence.
  5686 | D:6      | 5686 ||| READING scroll labelled LIOFAU CUFIUP.
  5687 | D:6      | 5687 ||| READING 2 scrolls of identify.
  5687 | D:6      | 5687 ||| IDENTIFYING viscous silvery potion
  5878 | D:7      | Found Kingebeb's General Store.
  5888 | D:7      | 5888 ||| SHOPLISTING amulet of faith (560 gold, have 335).
  5888 | D:7      | 5888 ||| BUYING potion of mutation (112 gold).
  5888 | D:7      | Bought a potion of mutation for 112 gold pieces
  5888 | D:7      | 5888 ||| BUYING scroll of enchant armour (105 gold).
  5888 | D:7      | Bought a scroll of enchant armour for 105 gold pieces
  5888 | D:7      | 5888 ||| READING scroll of enchant armour.
  5888 | D:7      | 5888 ||| ENCHANTING +0 plate armour.
  5990 | D:7      | 5990 ||| UPGRADING to amulet of regeneration.
  6044 | D:8      | Found a stormy altar of Qazlal.
  6048 | D:8      | Noticed a hornet
  6049 | D:8      | 6049 ||| Stepping ~*~*~tactically~*~*~ (stealth).
  6050 | D:8      | 6050 ||| Stepping ~*~*~tactically~*~*~ (stealth).
  6051 | D:8      | 6051 ||| Stepping ~*~*~tactically~*~*~ (stealth).
  6057 | D:8      | 6057 ||| INVOKING Heroism.
  6066 | D:8      | Killed a hornet
  6137 | D:8      | 6137 ||| Stepping ~*~*~tactically~*~*~ (stealth).
  6139 | D:8      | 6139 ||| INVOKING Heroism.
  6141 | D:8      | Noticed a two-headed ogre
  6153 | D:8      | Killed a two-headed ogre
  6153 | D:8      | Reached ** piety under Okawaru
  6154 | D:8      | Reached XP level 10. HP: 52/63 MP: 11/13
  6330 | D:8      | 6330 ||| Stepping ~*~*~tactically~*~*~ (stealth).
  6333 | D:8      | 6333 ||| Stepping ~*~*~tactically~*~*~ (stealth).
  6335 | D:8      | 6335 ||| Stepping ~*~*~tactically~*~*~ (stealth).
  6359 | D:8      | 6359 ||| INVOKING Heroism.
  6487 | D:8      | Noticed Maggie
  6496 | D:8      | Reached skill level 10 in Axes
  6499 | D:8      | 6499 ||| INVOKING Heroism.
  6504 | D:8      | Killed Maggie
  6524 | D:8      | 6524 ||| SWAPPING to +2 broad axe of pain.
  6535 | D:8      | Found a flagged portal.
  6703 | D:8      | 6703 ||| UPGRADING to +0 cloak.
  6786 | D:9      | 6786 ||| INVOKING Heroism.
  6887 | D:9      | 6887 ||| Stepping ~*~*~tactically~*~*~ (hiding).
  6892 | D:9      | 6892 ||| DRINKING 3 potions of curing.
  6892 | D:9      | 6892 ||| (to cure confusion)
  6902 | D:9      | 6902 ||| DROPPING +0 flail.
  7321 | D:9      | 7321 ||| INVOKING Heroism.
  7322 | D:9      | 7322 ||| Stepping ~*~*~tactically~*~*~ (hiding).
  7493 | D:10     | Entered Level 10 of the Dungeon
  7509 | D:10     | 7509 ||| INVOKING Heroism.
  7582 | D:10     | 7582 ||| INVOKING Heroism.
  7656 | D:10     | 7656 ||| INVOKING Heroism.
  7794 | D:10     | 7794 ||| INVOKING Heroism.
  7798 | D:10     | Reached skill level 11 in Axes
  7798 | D:10     | Reached *** piety under Okawaru
  7799 | D:10     | Reached XP level 11. HP: 47/69 MP: 11/14
  7873 | D:10     | 7873 ||| Stepping ~*~*~tactically~*~*~ (stealth).
  7889 | D:10     | Reached skill level 9 in Fighting
  7889 | D:10     | 7889 ||| INVOKING Heroism.
  7930 | D:10     | Found a staircase to the Lair.
  8338 | D:10     | 8338 ||| READING scroll of enchant armour.
  8338 | D:10     | 8338 ||| ENCHANTING +0 cloak.
  8390 | D:10     | Noticed a two-headed ogre
  8391 | D:10     | 8391 ||| INVOKING Heroism.
  8401 | D:10     | Killed a two-headed ogre
  8401 | D:10     | Reached **** piety under Okawaru
  8650 | D:10     | Found a runed translucent gate.
  8651 | D:10     | Found a runed translucent gate.
  8651 | D:10     | Noticed qw's ghost (journeyman GrFi)
  8652 | D:10     | Found a runed translucent gate.
  8653 | D:10     | Identified the +4 chain mail "Xetsomn" {Str+3}
  8659 | D:10     | Identified the ring of Ceabajan {rPois rC+ rN+ Str-4}
  8750 | D:10     | 8750 ||| PLANNING LAIR
  8750 | D:10     | 8750 ||| UPGRADING to +0 pair of boots.
  8797 | Lair:1   | Entered Level 1 of the Lair of Beasts
  8928 | Lair:1   | 8928 ||| Stepping ~*~*~tactically~*~*~ (stealth).
  8934 | Lair:1   | 8934 ||| Stepping ~*~*~tactically~*~*~ (stealth).
  8936 | Lair:1   | 8936 ||| Stepping ~*~*~tactically~*~*~ (stealth).
  8941 | Lair:1   | 8941 ||| INVOKING Heroism.
  8974 | Lair:1   | 8974 ||| READING scroll of enchant armour.
  8974 | Lair:1   | 8974 ||| ENCHANTING +0 pair of boots.
  9078 | Lair:1   | 9078 ||| Stepping ~*~*~tactically~*~*~ (stealth).
  9087 | Lair:1   | Reached ***** piety under Okawaru
  9088 | Lair:1   | Reached skill level 12 in Axes
  9097 | Lair:1   | 9097 ||| READING scroll of enchant armour.
  9097 | Lair:1   | 9097 ||| ENCHANTING +1 pair of boots.
  9119 | Lair:1   | 9119 ||| INVOKING Heroism.
  9127 | Lair:1   | Received a gift from Okawaru
  9128 | Lair:1   | Reached skill level 6 in Invocations
  9144 | Lair:1   | 9144 ||| Stepping ~*~*~tactically~*~*~ (stealth).
  9177 | Lair:1   | 9177 ||| INVOKING Heroism.
  9217 | Lair:1   | Identified the +3 ring mail of Somewhere Else {Int+3}
  9437 | Lair:1   | 9437 ||| INVOKING Heroism.
  9482 | Lair:1   | 9482 ||| INVOKING Heroism.
  9488 | Lair:1   | Reached skill level 6 in Shields
  9488 | Lair:1   | Reached XP level 12. HP: 76/76 MP: 14/17
  9785 | Lair:1   | 9785 ||| INVOKING Heroism.
  9963 | Lair:1   | 9963 ||| UPGRADING to +0 helmet.
  9968 | Lair:1   | 9968 ||| UPGRADING to ring of protection from cold.
  9969 | Lair:1   | 9969 ||| READING 3 scrolls of identify.
  9969 | Lair:1   | 9969 ||| IDENTIFYING fizzy ruby potion
  9970 | Lair:1   | 9970 ||| READING 2 scrolls of identify.
  9970 | Lair:1   | 9970 ||| IDENTIFYING viscous pink potion
  9971 | Lair:1   | 9971 ||| DROPPING potion of invisibility.
 10064 | Lair:2   | Received a gift from Okawaru
 10115 | Lair:2   | 10115 ||| INVOKING Heroism.
 10128 | Lair:2   | 10128 ||| INVOKING Heroism.
 10179 | Lair:2   | 10179 ||| Stepping ~*~*~tactically~*~*~ (stealth).
 10214 | Lair:2   | 10214 ||| Stepping ~*~*~tactically~*~*~ (stealth).
 10215 | Lair:2   | 10215 ||| Stepping ~*~*~tactically~*~*~ (stealth).
 10216 | Lair:2   | 10216 ||| Stepping ~*~*~tactically~*~*~ (stealth).
 10218 | Lair:2   | 10218 ||| INVOKING Heroism.
 10257 | Lair:2   | 10257 ||| Stepping ~*~*~tactically~*~*~ (stealth).
 10281 | Lair:2   | Reached skill level 9 in Armour
 10285 | Lair:2   | 10285 ||| INVOKING Heroism.
 10329 | Lair:2   | Noticed a four-headed hydra
 10330 | Lair:2   | 10330 ||| INVOKING Heroism.
 10333 | Lair:2   | 10333 ||| SWAPPING to +0 morningstar.
 10342 | Lair:2   | Killed a four-headed hydra
 10343 | Lair:2   | 10343 ||| SWAPPING to +2 broad axe of pain.
 10430 | Lair:2   | 10430 ||| Stepping ~*~*~tactically~*~*~ (stealth).
 10432 | Lair:2   | 10432 ||| Stepping ~*~*~tactically~*~*~ (stealth).
 10439 | Lair:2   | Reached skill level 9 in Invocations
 10457 | Lair:2   | 10457 ||| INVOKING Heroism.
 10595 | Lair:2   | Received a gift from Okawaru
 10601 | Lair:2   | 10601 ||| INVOKING Heroism.
 10627 | Lair:2   | 10627 ||| INVOKING Heroism.
 10699 | Lair:2   | Found a staircase to the Swamp.
 10699 | Lair:2   | Noticed a ghost crab
 10703 | Lair:2   | 10703 ||| INVOKING Heroism.
 10704 | Lair:2   | 10704 ||| SWAPPING to +0 morningstar.
 10710 | Lair:2   | HP: 18/77 [ghost crab (13)]
 10711 | Lair:2   | 10711 ||| READING 5 scrolls of teleportation.
 10711 | Lair:2   | HP: 4/77 [ghost crab] (14)]
 10712 | Lair:2   | 10712 ||| DRINKING potion of heal wounds.
 10713 | Lair:2   | 10713 ||| SWAPPING to +2 broad axe of pain.
 10778 | Lair:2   | 10778 ||| Stepping ~*~*~tactically~*~*~ (stealth).
 10782 | Lair:2   | 10782 ||| Stepping ~*~*~tactically~*~*~ (hiding).
 10793 | Lair:2   | 10793 ||| INVOKING Heroism.
 10795 | Lair:2   | Killed a ghost crab
 10796 | Lair:2   | 10796 ||| Stepping ~*~*~tactically~*~*~ (cloud).
 11016 | Lair:2   | 11016 ||| READING scroll labelled HENAGR QUIH.
 11107 | Lair:3   | 11107 ||| Stepping ~*~*~tactically~*~*~ (stealth).
 11108 | Lair:3   | 11108 ||| Stepping ~*~*~tactically~*~*~ (stealth).
 11109 | Lair:3   | 11109 ||| Stepping ~*~*~tactically~*~*~ (stealth).
 11198 | Lair:3   | Received a gift from Okawaru
 11213 | Lair:3   | 11213 ||| INVOKING Heroism.
 11221 | Lair:3   | Received a gift from Okawaru
 11246 | Lair:3   | Found a hole to the Spider Nest.
 11262 | Lair:3   | 11262 ||| READING scroll of enchant weapon.
 11262 | Lair:3   | 11262 ||| ENCHANTING +2 broad axe of pain.
 11328 | Lair:3   | 11328 ||| INVOKING Heroism.
 11331 | Lair:3   | Reached skill level 13 in Axes
 11347 | Lair:3   | 11347 ||| Stepping ~*~*~tactically~*~*~ (stealth).
 11348 | Lair:3   | 11348 ||| Stepping ~*~*~tactically~*~*~ (stealth).
 11349 | Lair:3   | 11349 ||| Stepping ~*~*~tactically~*~*~ (stealth).
 11361 | Lair:3   | Reached XP level 13. HP: 61/82 MP: 20/20
 11431 | Lair:3   | 11431 ||| DROPPING +3 war axe.
 11615 | Lair:3   | 11615 ||| READING 2 scrolls of identify.
 11615 | Lair:3   | 11615 ||| IDENTIFYING grey potion
 11670 | Lair:4   | 11670 ||| INVOKING Heroism.
 11736 | Lair:4   | 11736 ||| INVOKING Heroism.
 11841 | Lair:4   | 11841 ||| Stepping ~*~*~tactically~*~*~ (stealth).
 11888 | Lair:4   | 11888 ||| INVOKING Heroism.
 12000 | Lair:4   | 12000 ||| INVOKING Heroism.
 12035 | Lair:4   | Identified the +8 chain mail "Jippaoskaew" {+Inv Will+++
                  | Int-4 SInv} (Okawaru gifted it to you on level 4 of the
                  | Lair of Beasts)
 12035 | Lair:4   | Received a gift from Okawaru
 12036 | Lair:4   | Reached skill level 14 in Axes
 12085 | Lair:4   | 12085 ||| Stepping ~*~*~tactically~*~*~ (stealth).
 12086 | Lair:4   | 12086 ||| Stepping ~*~*~tactically~*~*~ (stealth).
 12159 | Lair:4   | 12159 ||| INVOKING Heroism.
 12329 | Lair:4   | 12329 ||| INVOKING Heroism.
 12332 | Lair:4   | 12332 ||| SWAPPING to +0 morningstar.
 12339 | Lair:4   | 12339 ||| SWAPPING to +3 broad axe of pain.
 12595 | Lair:4   | 12595 ||| INVOKING Heroism.
 12628 | Lair:4   | 12628 ||| READING scroll of enchant armour.
 12628 | Lair:4   | 12628 ||| ENCHANTING +0 helmet.
 12716 | Lair:4   | 12716 ||| UPGRADING to +0 pair of gloves.
 12721 | Lair:4   | 12721 ||| UPGRADING to +8 chain mail "Jippaoskaew" {+Inv
                  | Will+++ Int-4 SInv}.
 12731 | Lair:4   | 12731 ||| DROPPING +1 plate armour.
 12732 | Lair:4   | 12732 ||| DROPPING amulet of guardian spirit.
 12733 | Lair:4   | 12733 ||| DRINKING 2 blue potions.
 12773 | Lair:5   | Entered Level 5 of the Lair of Beasts
 12774 | Lair:5   | 12774 ||| STAIRDANCE
 12879 | Lair:5   | 12879 ||| STAIRDANCE
 12881 | Lair:4   | 12881 ||| INVOKING Heroism.
 12942 | Lair:5   | 12942 ||| STAIRDANCE
 12955 | Lair:5   | 12955 ||| INVOKING Heroism.
 12987 | Lair:5   | 12987 ||| Stepping ~*~*~tactically~*~*~ (stealth).
 12988 | Lair:5   | 12988 ||| Stepping ~*~*~tactically~*~*~ (stealth).
 12989 | Lair:5   | 12989 ||| Stepping ~*~*~tactically~*~*~ (stealth).
 12992 | Lair:5   | 12992 ||| Stepping ~*~*~tactically~*~*~ (stealth).
 13025 | Lair:5   | 13025 ||| FLEEEEING.
 13027 | Lair:5   | 13027 ||| FLEEEEING.
 13028 | Lair:5   | 13028 ||| FLEEEEING.
 13074 | Lair:5   | Found a viscous altar of Jiyva.
 13077 | Lair:5   | Found a staircase to the Slime Pits.
 13080 | Lair:5   | 13080 ||| Stepping ~*~*~tactically~*~*~ (stealth).
 13082 | Lair:5   | 13082 ||| Stepping ~*~*~tactically~*~*~ (stealth).
 13084 | Lair:5   | 13084 ||| INVOKING Heroism.
 13085 | Lair:5   | 13085 ||| SWAPPING to +0 morningstar.
 13094 | Lair:5   | 13094 ||| Stepping ~*~*~tactically~*~*~ (stealth).
 13095 | Lair:5   | 13095 ||| FLEEEEING.
 13096 | Lair:5   | 13096 ||| SWAPPING to +3 broad axe of pain.
 13134 | Lair:5   | 13134 ||| Stepping ~*~*~tactically~*~*~ (stealth).
 13136 | Lair:5   | 13136 ||| Stepping ~*~*~tactically~*~*~ (hiding).
 13230 | Lair:5   | 13230 ||| Stepping ~*~*~tactically~*~*~ (hiding).
 13236 | Lair:5   | 13236 ||| INVOKING Heroism.
 13239 | Lair:5   | Gained mutation: Your large and strong wings let you fly.
                  | [Gargoyle growth]
 13239 | Lair:5   | Reached XP level 14. HP: 90/90 MP: 18/21
 13243 | Lair:5   | 13243 ||| SWAPPING to +0 morningstar.
 13247 | Lair:5   | Reached skill level 15 in Axes
 13260 | Lair:5   | HP: 13/90 [rime drake/icy flash freeze (14)]
 13261 | Lair:5   | 13261 ||| READING 6 scrolls of teleportation.
 13261 | Lair:5   | HP: 3/90 [death yak (12)]
 13265 | Lair:5   | 13265 ||| SWAPPING to +3 broad axe of pain.
 13354 | Lair:5   | 13354 ||| Stepping ~*~*~tactically~*~*~ (stealth).
 13389 | Lair:5   | 13389 ||| INVOKING Heroism.
 13403 | Lair:5   | 13403 ||| Stepping ~*~*~tactically~*~*~ (stealth).
 13404 | Lair:5   | 13404 ||| Stepping ~*~*~tactically~*~*~ (stealth).
 13405 | Lair:5   | 13405 ||| Stepping ~*~*~tactically~*~*~ (stealth).
 13413 | Lair:5   | 13413 ||| Stepping ~*~*~tactically~*~*~ (stealth).
 13421 | Lair:5   | 13421 ||| SWAPPING to +0 morningstar.
 13425 | Lair:5   | Reached skill level 3 in Dodging
 13425 | Lair:5   | 13425 ||| SWAPPING to +3 broad axe of pain.
 13436 | Lair:5   | 13436 ||| INVOKING Heroism.
 13439 | Lair:5   | 13439 ||| Stepping ~*~*~tactically~*~*~ (stealth).
 13442 | Lair:5   | 13442 ||| SWAPPING to +0 morningstar.
 13449 | Lair:5   | 13449 ||| SWAPPING to +3 broad axe of pain.
 13455 | Lair:5   | 13455 ||| Stepping ~*~*~tactically~*~*~ (stealth).
 13598 | Lair:5   | 13598 ||| INVOKING Heroism.
 13602 | Lair:5   | 13602 ||| SWAPPING to +0 morningstar.
 13606 | Lair:5   | 13606 ||| SWAPPING to +3 broad axe of pain.
 13669 | Lair:5   | 13669 ||| Stepping ~*~*~tactically~*~*~ (stealth).
 13709 | Lair:5   | Reached skill level 12 in Fighting
 13944 | Lair:5   | 13944 ||| Stepping ~*~*~tactically~*~*~ (hiding).
 13945 | Lair:5   | 13945 ||| Stepping ~*~*~tactically~*~*~ (hiding).
 13946 | Lair:5   | 13946 ||| Stepping ~*~*~tactically~*~*~ (hiding).
 14062 | Lair:5   | Found a burning altar of Makhleb.
 14064 | Lair:5   | 14064 ||| INVOKING Heroism.
 14112 | Lair:5   | Found a gateway to Hell.
 14119 | Lair:5   | Identified the +6 battleaxe of the Pure Violins {protect,
                  | +Blink}
 14230 | Lair:5   | Noticed a dire elephant
 14231 | Lair:5   | 14231 ||| INVOKING Heroism.
 14241 | Lair:5   | Killed a dire elephant
 14253 | Lair:5   | Received a gift from Okawaru
 14340 | Lair:5   | 14340 ||| PLANNING D:1-11
 14340 | Lair:5   | 14340 ||| UPGRADING to +6 ring of dexterity.
 14342 | Lair:5   | 14342 ||| READING scroll labelled RYATACS GUPICUN.
 14343 | Lair:5   | 14343 ||| DROPPING +0 broad axe.
 14344 | Lair:5   | 14344 ||| READING 2 scrolls of identify.
 14344 | Lair:5   | 14344 ||| IDENTIFYING fizzy dark potion
 14345 | Lair:5   | 14345 ||| DROPPING potion of ambrosia.
 14381 | Lair:5   | 14381 ||| Stepping ~*~*~tactically~*~*~ (stealth).
 14382 | Lair:5   | 14382 ||| Stepping ~*~*~tactically~*~*~ (stealth).
 14693 | D:11     | 14693 ||| DROPPING +0 flail of protection.
 14709 | D:11     | Noticed Josephine
 14710 | D:11     | 14710 ||| Stepping ~*~*~tactically~*~*~ (stealth).
 14712 | D:11     | 14712 ||| Stepping ~*~*~tactically~*~*~ (hiding).
 14713 | D:11     | 14713 ||| Stepping ~*~*~tactically~*~*~ (hiding).
 14728 | D:11     | 14728 ||| INVOKING Heroism.
 14731 | D:11     | Killed Josephine
 14853 | D:11     | Found a glowing silver altar of Zin.
 15021 | D:11     | 15021 ||| PLANNING D
 15060 | D:12     | 15060 ||| FLEEEEING.
 15073 | D:12     | 15073 ||| FLEEEEING.
 15075 | D:12     | 15075 ||| Stepping ~*~*~tactically~*~*~ (hiding).
 15197 | D:12     | 15197 ||| Stepping ~*~*~tactically~*~*~ (stealth).
 15340 | D:12     | 15340 ||| Stepping ~*~*~tactically~*~*~ (hiding).
 15397 | D:12     | Found a staircase to the Orcish Mines.
 15655 | D:12     | Reached skill level 16 in Axes
 15682 | D:12     | 15682 ||| Stepping ~*~*~tactically~*~*~ (hiding).
 15826 | D:12     | 15826 ||| Stepping ~*~*~tactically~*~*~ (hiding).
 15949 | D:12     | 15949 ||| Stepping ~*~*~tactically~*~*~ (hiding).
 15952 | D:12     | 15952 ||| Stepping ~*~*~tactically~*~*~ (hiding).
 15988 | D:12     | 15988 ||| Stepping ~*~*~tactically~*~*~ (stealth).
 15990 | D:12     | 15990 ||| Stepping ~*~*~tactically~*~*~ (hiding).
 15992 | D:12     | 15992 ||| Stepping ~*~*~tactically~*~*~ (hiding).
 16000 | D:12     | 16000 ||| INVOKING Heroism.
 16005 | D:12     | 16005 ||| INVOKING Finesse.
 16020 | D:12     | 16020 ||| SWAPPING to +0 morningstar.
 16029 | D:12     | 16029 ||| SWAPPING to +3 broad axe of freezing.
 16100 | D:12     | Reached XP level 15. HP: 81/96 MP: 22/22
 16125 | D:12     | 16125 ||| Stepping ~*~*~tactically~*~*~ (hiding).
 16269 | D:12     | 16269 ||| Stepping ~*~*~tactically~*~*~ (stealth).
 16295 | D:12     | 16295 ||| Stepping ~*~*~tactically~*~*~ (hiding).
 16309 | D:12     | 16309 ||| INVOKING Heroism.
 16309 | D:12     | Noticed a fire giant
 16310 | D:12     | 16310 ||| INVOKING Finesse.
 16323 | D:12     | Killed a fire giant
 16655 | D:12     | 16655 ||| READING scroll labelled LOMMES GALOTRE.
 16705 | D:13     | Noticed Kirke
 16706 | D:13     | 16706 ||| INVOKING Heroism.
 16707 | D:13     | 16707 ||| INVOKING Finesse.
 16718 | D:13     | Killed Kirke
 16718 | D:13     | Received a gift from Okawaru
 16776 | D:13     | Found Puham's Jewellery Shop.
 16777 | D:13     | 16777 ||| INVOKING Heroism.
 16789 | D:13     | HP: 17/96 [meliai/divine providence (12)]
 16790 | D:13     | 16790 ||| READING 7 scrolls of teleportation.
 16791 | D:13     | 16791 ||| DRINKING 2 potions of heal wounds.
 16793 | D:13     | 16793 ||| DRINKING potion of heal wounds.
 16921 | D:13     | Noticed Urug
 16922 | D:13     | 16922 ||| Stepping ~*~*~tactically~*~*~ (hiding).
 16927 | D:13     | 16927 ||| INVOKING Heroism.
 16928 | D:13     | 16928 ||| INVOKING Finesse.
 16935 | D:13     | Killed Urug
 17058 | D:13     | 17058 ||| Stepping ~*~*~tactically~*~*~ (hiding).
 17096 | D:13     | Identified the +4 war axe of Prudence {freeze, Contam rElec
                  | rCorr Stlth+}
 17109 | D:13     | 17109 ||| Stepping ~*~*~tactically~*~*~ (stealth).
 17113 | D:13     | 17113 ||| INVOKING Heroism.
 17157 | D:13     | 17157 ||| DROPPING +0 morningstar.
 17170 | D:13     | 17170 ||| INVOKING Heroism.
 17226 | D:13     | 17226 ||| Stepping ~*~*~tactically~*~*~ (hiding).
 17231 | D:13     | 17231 ||| INVOKING Heroism.
 17260 | D:13     | 17260 ||| INVOKING Heroism.
 17299 | D:13     | 17299 ||| BUYING +4 ring of protection (468 gold).
 17299 | D:13     | Bought a +4 ring of protection for 468 gold pieces
 17299 | D:13     | 17299 ||| BUYING +5 ring of evasion (468 gold).
 17299 | D:13     | Bought a +5 ring of evasion for 468 gold pieces
 17299 | D:13     | 17299 ||| SHOPLISTING +5 ring of evasion (468 gold, have
                  | 188).
 17299 | D:13     | 17299 ||| SHOPLISTING +6 ring of strength (468 gold, have
                  | 188).
 17299 | D:13     | 17299 ||| SHOPLISTING amulet of reflection (390 gold, have
                  | 188).
 17299 | D:13     | 17299 ||| SHOPLISTING ring "Geadyt" {rN++ AC+4 Str+2} (750
                  | gold, have 188).
 17422 | D:13     | 17422 ||| INVOKING Heroism.
 17426 | D:13     | Reached skill level 6 in Throwing
 17573 | D:13     | Received a gift from Okawaru
 17590 | D:13     | 17590 ||| UPGRADING to +4 ring of protection.
 17592 | D:13     | 17592 ||| DROPPING ring of positive energy.
 17593 | D:13     | 17593 ||| UPGRADING to +5 ring of evasion.
 17595 | D:13     | 17595 ||| DROPPING +6 ring of dexterity.
 17596 | D:13     | 17596 ||| UPGRADING to +4 ring of protection.
 17638 | D:14     | 17638 ||| INVOKING Heroism.
 17713 | D:14     | 17713 ||| Stepping ~*~*~tactically~*~*~ (stealth).
 17714 | D:14     | 17714 ||| Stepping ~*~*~tactically~*~*~ (stealth).
 17715 | D:14     | 17715 ||| Stepping ~*~*~tactically~*~*~ (stealth).
 17717 | D:14     | 17717 ||| Stepping ~*~*~tactically~*~*~ (hiding).
 17719 | D:14     | 17719 ||| Stepping ~*~*~tactically~*~*~ (stealth).
 17720 | D:14     | 17720 ||| Stepping ~*~*~tactically~*~*~ (hiding).
 17722 | D:14     | 17722 ||| Stepping ~*~*~tactically~*~*~ (stealth).
 17772 | D:14     | Received a gift from Okawaru
 17793 | D:14     | Found a gate to the Vaults.
 17886 | D:14     | 17886 ||| INVOKING Heroism.
 17889 | D:14     | HP: 19/96 [meliai/divine providence (8)]
 17890 | D:14     | 17890 ||| READING 6 scrolls of teleportation.
 17890 | D:14     | HP: 7/96 [meliai/divine providence (14)]
 18245 | D:14     | 18245 ||| Stepping ~*~*~tactically~*~*~ (stealth).
 18247 | D:14     | 18247 ||| Stepping ~*~*~tactically~*~*~ (hiding).
 18249 | D:14     | 18249 ||| INVOKING Heroism.
 18267 | D:14     | Received a gift from Okawaru
 18270 | D:14     | HP: 23/96 [skeletal warrior/+0 glaive[a death knight] (6)]
 18271 | D:14     | 18271 ||| READING 5 scrolls of teleportation.
 18274 | D:14     | 18274 ||| FLEEEEING.
 18275 | D:14     | 18275 ||| FLEEEEING.
 18276 | D:14     | 18276 ||| FLEEEEING.
 18277 | D:14     | 18277 ||| FLEEEEING.
 18278 | D:14     | 18278 ||| FLEEEEING.
 18279 | D:14     | 18279 ||| FLEEEEING.
 18280 | D:14     | 18280 ||| FLEEEEING.
 18281 | D:14     | 18281 ||| FLEEEEING.
 18282 | D:14     | 18282 ||| FLEEEEING.
 18283 | D:14     | 18283 ||| FLEEEEING.
 18285 | D:14     | 18285 ||| FLEEEEING.
 18286 | D:14     | 18286 ||| FLEEEEING.
 18287 | D:14     | 18287 ||| FLEEEEING.
 18288 | D:14     | 18288 ||| FLEEEEING.
 18289 | D:14     | 18289 ||| FLEEEEING.
 18290 | D:14     | 18290 ||| FLEEEEING.
 18291 | D:14     | 18291 ||| FLEEEEING.
 18292 | D:14     | 18292 ||| FLEEEEING.
 18293 | D:14     | 18293 ||| FLEEEEING.
 18304 | D:14     | Reached skill level 17 in Axes
 18505 | D:14     | Found a white marble altar of Elyvilon.
 18533 | D:15     | Entered Level 15 of the Dungeon
 18538 | D:15     | 18538 ||| STAIRDANCE
 18563 | D:15     | 18563 ||| INVOKING Heroism.
 18585 | D:15     | HP: 24/96 [death knight/+4 great mace (20)]
 18586 | D:15     | 18586 ||| READING 4 scrolls of teleportation.
 18586 | D:15     | HP: 3/96 [deep troll (9)]
 18587 | D:15     | Slain by a freezing wraith

Levels and vault maps discovered:
D:1:      giann_forest_graveyard, layout_basic, minmay_split_cup_small
D:2:      wander_river, layout_basic, kennysheep_generic_room_4
D:3:      layout_basic
D:4:      layout_gridville, chequers_temple_overflow_minitemple,
          nicolae_ossuary_entry_giza, uniq_blork_the_orc, uniq_grinder
D:5:      cheibrodos_quashed, layout_loops_ring, minmay_temple_entry_mist,
          serial_park_tiny_2
D:6:      layout_loops_ring, lemuel_crystal_altar, kennysheep_generic_room_14,
          uniq_crazy_yiuf_cottage, uniq_sigmund
D:7:      layout_cave_pods, nicolae_ru_awakened_eye, serial_shops, shop
D:8:      layout_rooms, nicolae_qazlal_general_emergency, enter_bailey_2,
          nzn_life_drinkers, uniq_maggie
D:9:      layout_layer_cave
D:10:     layout_layer_cave, hellmonk_lair_entry_icy, biasface_ghost_orc_armoury
D:11:     layout_cave_pools, zin_statuary, uniq_josephine
D:12:     kennysheep_snake, layout_rooms, kennysheep_orc_monster_closet_entryway
D:13:     layout_roguey [special_room_bee], minmay_misc_feat_rows,
          minmay_shop_enchanted_jewellery, uniq_kirke, uniq_urug
D:14:     layout_roguey, david_vaults_2, nicolae_elyvilon_temple_path
D:15:     hangedman_depths_entry_civil_slaughter, layout_grid_maze,
          serial_shops, nicolae_shop_pleasant_corner_grove, serial_park_square1
          [serial_park_minivault_5x5_5], yredelemnul_altar_generic
Temple:   minmay_freezing_vapour_temple
Lair:1:   layout_small_grid, grunt_megastairs_3
Lair:2:   layout_long_grid, nicolae_swamp_entry_spooky,
          chequers_serial_rivers_micro_e, st_stairs_12
Lair:3:   layout_misc_corridors, spider_nest_entry_a, lemuel_fruit_fields
Lair:4:   layout_cave_pods, beast_lair_carwin_4, grunt_megastairs_5
Lair:5:   evil_forest, layout_loops_ring, nicolae_slime_entry_field_trip,
          nicolae_lair_lakeside_cave

Skill      XL: |  1  2  3  4  5  6  7  8  9 10 11 12 13 14 15 |
---------------+----------------------------------------------+-----
Axes           | 2 3 4 5 6 8 9 11 12 13 14 16 17 | 17.0
Throwing       | 1 2 3 4 5 7 |  7.0
Fighting       | 5 6 7 8 9 10 11 12 | 12.3
Dodging        | 1 2 4 5 |  5.2
Invocations    | 4 7 10 | 10.0
Shields        | 4 5 6 7 8 |  8.0
Armour         | 7 8 9 10 11 | 11.0

Action                     |  1- 3 |  4- 6 |  7- 9 | 10-12 | 13-15 || total
---------------------------+-------+-------+-------+-------+-------++-------
  Melee: War axe           |   120 |    38 |   189 |    97 |       ||   444
         Broad axe         |       |       |       |   418 |   842 ||  1260
         Morningstar       |       |       |       |    14 |    52 ||    66
  Throw: Javelin           |       |     2 |    39 |    29 |   110 ||   180
         Boomerang         |       |       |       |    50 |    98 ||   148
 Invoke: Heroism           |       |       |     8 |    28 |    31 ||    67
         Finesse           |       |       |       |       |     4 ||     4
    Use: Scroll            |     9 |       |    10 |     8 |    10 ||    37
         Potion            |     2 |       |     4 |     2 |     3 ||    11
 Armour: Scale mail        |    77 |    13 |   102 |       |       ||   192
         Plate armour      |       |       |    21 |   480 |    92 ||   593
         Chain mail        |       |       |       |       |   503 ||   503
  Dodge: Dodged            |    41 |    17 |   100 |   235 |   443 ||   836
  Block: Buckler           |    25 |     7 |    40 |   142 |   245 ||   459

Table legend:
 A = Non-vault XP
 B = Vault XP
 C = Vault XP percentage of total XP
 D = Non-vault monster count
 E = Vault monster count
 F = Vault count percentage of total count
                 A         B        C        D         E       F
            +---------+---------+-------+---------+---------+-------
      Total |   64244 |   51894 |  44.7 |     332 |     185 |  35.8
            +---------+---------+-------+---------+---------+-------
        D:1 |      25 |       5 |  16.7 |      14 |       3 |  17.6
        D:2 |      46 |       1 |   2.1 |      22 |       1 |   4.3
        D:3 |      19 |       0 |   0.0 |       5 |       0 |   0.0
        D:4 |     366 |     397 |  52.0 |      15 |       5 |  25.0
        D:5 |     501 |       0 |   0.0 |       7 |       0 |   0.0
        D:6 |    1634 |     306 |  15.8 |      15 |       2 |  11.8
        D:7 |     531 |       0 |   0.0 |      16 |       0 |   0.0
        D:8 |    2548 |     636 |  20.0 |      40 |       2 |   4.8
        D:9 |     707 |       0 |   0.0 |      11 |       0 |   0.0
       D:10 |    3177 |    1354 |  29.9 |      12 |       9 |  42.9
       D:11 |    2081 |    1721 |  45.3 |       4 |       5 |  55.6
       D:12 |    3854 |   15420 |  80.0 |      14 |      54 |  79.4
       D:13 |    5516 |    4825 |  46.7 |      17 |      27 |  61.4
       D:14 |   11240 |    1004 |   8.2 |      20 |       3 |  13.0
       D:15 |     702 |     754 |  51.8 |       3 |       1 |  25.0
     Lair:1 |    5577 |    1022 |  15.5 |      24 |       6 |  20.0
     Lair:2 |    5806 |    2675 |  31.5 |      18 |       7 |  28.0
     Lair:3 |    4504 |     599 |  11.7 |      21 |       3 |  12.5
     Lair:4 |   11061 |    3148 |  22.2 |      40 |       8 |  16.7
     Lair:5 |    4349 |   18027 |  80.6 |      14 |      49 |  77.8
            +---------+---------+-------+---------+---------+-------
